 Dungeon Crawl Stone Soup version 0.30.1-3-gfc49f6343a (webtiles) character file.

Game seed: 9704895349887508

5198 Destapler the Cleaver (level 10, -1/132 HPs)
             Began as a Minotaur Berserker on July 29, 2023.
             Was an Elder of Trog.
             Slain by a death yak (9 damage)
             ... on level 7 of the Dungeon.
             The game lasted 00:22:12 (8328 turns).

Destapler the Cleaver (Minotaur Berserker)          Turns: 8328, Time: 00:22:12

Health: -1/132     AC:  8    Str: 23    XL:     10   Next: 34%
Magic:  9/9        EV: 15    Int:  7    God:    Trog [****..]
Gold:   493        SH:  5    Dex: 13    Spells: 9/9 levels left

rFire   . . .        g - +2 hand axe (flame)
rCold   . . .        (no shield)
rNeg    . . .        H - +0 steam dragon scales
rPois   .            (helmet restricted)
rElec   .            w - scarf {+Inv}
rCorr   .            (no gloves)
SInv    .            o - +0 pair of boots
Will    .....        l - amulet "Xeics" {Reflect Int+3 SH+5} Stlth
                     h - ring of flight
HPRegen 0.42/turn    (no ring)
MPRegen 0.11/turn

%: reflection
@: berserking, flying, very quick
A: horns 2, retaliatory headbutt
a: Renounce Religion, Evoke Invisibility, Berserk, Trog's Hand, Brothers in Arms


You were on level 7 of the Dungeon.
You worshipped Trog.
Trog was greatly pleased with you.
You visited 1 branch of the dungeon, and saw 8 of its levels.
You also visited: Sewer.

You collected 493 gold pieces.

Inventory:

Hand Weapons
 a - a +0 war axe
 g - a +2 hand axe of flaming (weapon)
Missiles
 f - 5 poisoned darts (quivered)
 E - 2 throwing nets
Armour
 o - a +0 pair of boots (worn)
 p - a +0 ring mail
 w - a scarf of invisibility (worn)
 F - a +0 tower shield
 H - +0 steam dragon scales (worn)
Jewellery
 b - an amulet of reflection
 h - a ring of flight (left hand)
 l - the amulet "Xeics" (around neck) {Reflect Int+3 SH+5}
   (You found it on level 2 of the Dungeon)

   [amulet of reflection]

   It reflects blocked missile attacks.
   Int:       It affects your intelligence (+3).
   SH:        It affects your SH (+5).
Wands
 u - a wand of acid (2)
 C - a wand of paralysis (6)
 G - a wand of flame (27)
Scrolls
 c - 2 scrolls of fear {unknown}
 d - a scroll of fog
 i - 3 scrolls of enchant armour {unknown}
 m - 2 scrolls of magic mapping
 q - 2 scrolls of enchant weapon {unknown}
 t - 2 scrolls of teleportation
 x - a scroll of blinking {unknown}
 y - 4 scrolls of identify
 D - a scroll of summoning {unknown}
 J - a scroll of noise {unknown}
Potions
 e - 2 potions of magic {unknown}
 j - 6 potions of curing
 k - a potion of flight {unknown}
 r - 3 potions of brilliance
 s - 2 potions of attraction {unknown}
 v - 2 potions of cancellation
 z - 2 potions of heal wounds {unknown}
 A - a potion of mutation
 B - a potion of resistance {unknown}
 I - 2 potions of might
 K - a potion of degeneration {unknown}


   Skills:
 - Level 8.0 Fighting
 - Level 10.0 Axes
 + Level 3.7 Throwing
 + Level 7.9 Armour
 + Level 7.1 Dodging
 + Level 4.6 Shields
 * Level 5.0 Evocations


You had 9 spell levels left.
You didn't know any spells.
Your spell library contained the following spells:

 Spells                   Type           Power      Damage    Failure   Level
 Apportation              Tloc           0%         N/A       43%         1
 Blink                    Tloc           0%         N/A       56%         2
 Cigotuvi's Dreadful Rot  Necr/Pois/Air  0%         N/A       56%         2
 Lesser Beckoning         Tloc           0%         N/A       56%         2
 Momentum Strike          Conj/Tloc      0%         3d8       56%         2
 Gell's Gravitas          Tloc           0%         N/A       80%         3
 Inner Flame              Hex/Fire       0%         N/A       80%         3
 Stone Arrow              Conj/Erth      0%         3d7       80%         3
 Teleport Other           Tloc           0%         N/A       80%         3
 Vhi's Electric Charge    Tloc/Air       0%         N/A       80%         3
 Animate Armour           Summ/Erth      0%         N/A       99%         4
 Dispel Undead            Necr           0%         3d6       99%         4
 Flame Wave               Conj/Fire      0%         2d4       99%         4
 Sticky Flame             Conj/Fire      0%         2d3       99%         4
 Alistair's Intoxication  Tmut/Pois      0%         N/A       100%        5
 Arcjolt                  Conj/Air       0%         1d10      100%        5
 Death Channel            Necr           0%         N/A       100%        6
 Plasma Beam              Fire/Air       0%         2x1d11    100%        6
 Lehudib's Crystal Spear  Conj/Erth      0%         10d2      100%        8


Dungeon Overview and Level Annotations

Branches:
Dungeon (8/15)             Temple (0/1) D:7           Sewer (visited)
   Lair: D:8-11

Altars:
Ashenzari
Elyvilon
Ru
Sif Muna

Shops:
D:1 :


Innate Abilities, Weirdness & Mutations

You have a pair of horns on your head.
You reflexively headbutt those who attack you in melee.


Message History

Aim: an orc priest, wielding a +0 short sword (63% to hit)
You throw a poisoned dart. The poisoned dart hits the death yak!
The death yak is poisoned.
The death yak gores you!!
You fly upwards.
There is a stone staircase leading down here.
You hit the death yak but do no damage. You headbutt the death yak!
The death yak is lightly wounded.
The death yak gores you!!
* * * LOW HITPOINT WARNING * * *
A red film seems to cover your vision as you go berserk!
You feel yourself moving faster!
You feel mighty! The death yak closely misses you.
You hit the death yak. You burn the death yak.
The death yak is lightly wounded.
You hit the death yak but do no damage.
The death yak is lightly wounded.
The death yak gores you!!
* * * LOW HITPOINT WARNING * * *
You slash the death yak! You burn the death yak.
The death yak is moderately wounded.
You slash the death yak! You burn the death yak. You headbutt the death yak.
The death yak is heavily wounded.
The death yak gores you!
* * * LOW HITPOINT WARNING * * *
You slash the death yak! You burn the death yak.
The death yak is severely wounded.
You hit the death yak but do no damage.
The death yak is severely wounded.
The death yak gores you!!
* * * LOW HITPOINT WARNING * * *
Unknown command.
You are too injured to fight recklessly!
You are too injured to fight recklessly!
You completely miss the death yak. You headbutt the death yak.
The death yak is severely wounded.
You hit the death yak. You burn the death yak. You headbutt the death yak.
The death yak is almost dead.
The death yak gores you!
You die...

#############
##.....#.....##
##..........>..##
#.....Y....<....# #
#....@..........# ####
####...............# ...##
#..#...............#
....#####..#...............#
...........#..............##
......####.#.#.....#.....##
.......###.#.###....######
....#........# #....#
....##>......###....#


You could see a death yak (poisoned).

Vanquished Creatures
  A two-headed ogre (D:7)
  A manticore (D:7)
  An unseen horror (D:7)
  A troll (D:7)
  A slime creature (D:7)
  A steam dragon (D:7)
  3 water moccasins (D:7)
  3 sky beasts
  4 black bears
  An ice beast (D:6)
  An orc warrior (D:7)
  An ogre (D:4)
  A centaur (D:7)
  The ghost of infcreate the Shooter, an amateur DEHu (D:3)
  4 kobold brigands
  4 bullfrogs
  3 scorpions
  9 wights
  A killer bee (D:7)
  4 jellies
  2 howler monkeys
  4 hounds
  An iguana (D:4)
  3 orc wizards
  A sleepcap (D:6)
  4 gnolls (D:3)
  25 adders
  5 river rats
  A shadow imp (D:6)
  3 white imps
  2 worms
  2 dart slugs
  10 orcs
  4 bats
  4 endoplasms
  6 giant cockroaches
  6 goblins
  9 hobgoblins
  3 jackals (Sewer)
  16 kobolds
  A quokka (D:2)
  12 ball pythons
  A frilled lizard (D:2)
  6 rats
177 creatures vanquished.

Notes
Turn   | Place    | Note
-------+----------+-------------------------------------------
     0 | D:1      | Destapler the Minotaur Berserker began the quest for the
                  | Orb.
     0 | D:1      | Reached XP level 1. HP: 19/19 MP: 0/0
   319 | D:1      | Reached XP level 2. HP: 27/27 MP: 1/1
   337 | D:1      | Found Sinyur's Book Boutique.
   341 | D:1      | Reached skill level 4 in Axes
   720 | D:2      | Found a faded altar of an unknown god.
   792 | D:2      | Reached ** piety under Trog
   828 | D:2      | Identified the amulet "Xeics" {Reflect Int+3 SH+5}
   866 | D:2      | Reached XP level 3. HP: 24/33 MP: 2/2
  2032 | D:3      | Noticed a scorpion
  2043 | D:3      | Killed a scorpion
  2044 | D:3      | Reached skill level 5 in Axes
  2044 | D:3      | Reached XP level 4. HP: 41/41 MP: 3/3
  2173 | D:3      | Noticed a bullfrog
  2183 | D:3      | Killed a bullfrog
  2184 | D:3      | Reached XP level 5. HP: 47/47 MP: 4/4
  2250 | D:3      | Found a runed translucent door.
  2259 | D:3      | Noticed infcreate's ghost (amateur DEHu)
  2272 | D:3      | Killed infcreate's ghost
  2273 | D:3      | Reached XP level 6. HP: 55/55 MP: 5/5
  2518 | D:3      | Reached skill level 6 in Axes
  2538 | D:3      | Reached skill level 5 in Fighting
  2966 | D:4      | Reached skill level 1 in Evocations
  2966 | D:4      | Reached XP level 7. HP: 41/61 MP: 6/6
  2987 | D:4      | Reached *** piety under Trog
  3034 | D:4      | Found a glowing drain.
  3038 | Sewer    | Entered a sewer
  3297 | Sewer    | Reached skill level 7 in Axes
  3575 | Sewer    | Reached skill level 5 in Armour
  4590 | D:4      | Found a white marble altar of Elyvilon.
  4977 | D:5      | Entered Level 5 of the Dungeon
  4984 | D:5      | Reached XP level 8. HP: 67/70 MP: 7/7
  5230 | D:5      | Reached skill level 8 in Axes
  5338 | D:5      | Found a shimmering blue altar of Sif Muna.
  5363 | D:5      | Reached **** piety under Trog
  5364 | D:5      | Reached skill level 5 in Dodging
  5485 | D:5      | Found a broken altar of Ashenzari.
  5489 | D:5      | Saw a vision of the Shoals and the Spider Nest.
  5489 | D:5      | Noticed a wind drake
  5489 | D:5      | Noticed a merfolk
  5489 | D:5      | Noticed a culicivora
  5489 | D:5      | Noticed a merfolk
  5489 | D:5      | Noticed a sea snake
  5489 | D:5      | Noticed a tarantella
  5489 | D:5      | Noticed a culicivora
  5489 | D:5      | Noticed a wolf spider
  5489 | D:5      | Noticed a merfolk aquamancer
  5489 | D:5      | Noticed a snapping turtle
  5489 | D:5      | Noticed a tarantella
  5489 | D:5      | Noticed an entropy weaver
  5489 | D:5      | Noticed a sea snake
  5489 | D:5      | Noticed a merfolk avatar
  5489 | D:5      | Noticed a demonic crawler
  5489 | D:5      | Noticed a skyshark
  5489 | D:5      | Noticed a merfolk
  5489 | D:5      | Noticed an orb spider
  5489 | D:5      | Noticed a skyshark
  5491 | D:5      | Noticed a tarantella
  5492 | D:5      | Noticed an entropy weaver
  5492 | D:5      | Noticed a wind drake
  5492 | D:5      | Noticed a merfolk
  5493 | D:5      | Noticed a torpor snail
  5493 | D:5      | Noticed a demonic crawler
  6099 | D:6      | Found a sacrificial altar of Ru.
  6529 | D:6      | Reached skill level 9 in Axes
  6717 | D:6      | Reached XP level 9. HP: 60/76 MP: 8/8
  7071 | D:7      | Reached skill level 1 in Throwing
  7071 | D:7      | Reached skill level 1 in Shields
  7242 | D:7      | Noticed a two-headed ogre
  7266 | D:7      | Killed a two-headed ogre
  7522 | D:7      | Reached skill level 10 in Axes
  7547 | D:7      | Found a staircase to the Ecumenical Temple.
  7743 | D:7      | Noticed a manticore
  7743 | D:7      | Noticed a troll
  7766 | D:7      | Reached XP level 10. HP: 64/88 MP: 9/9
  7771 | D:7      | Killed a manticore
  8190 | D:8      | Noticed a two-headed ogre
  8191 | D:8      | Noticed a tengu warrior
  8191 | D:8      | Noticed a fire crab
  8197 | D:8      | Reached skill level 5 in Evocations
  8300 | D:8      | Noticed a death yak
  8303 | D:8      | Noticed a death yak
  8328 | D:7      | Slain by a death yak

Illustrated notes

Levels and vault maps discovered:
D:1:      lightli_arrival_windingriver, layout_loops_ring, serial_shops, shop,
          kennysheep_flooded_box
D:2:      layout_basic, hellmonk_ecumenical_altar_pennies_from_heaven
D:3:      layout_loops_ring, ebering_ghost_sewer_d, kennysheep_boxes
D:4:      layout_loops_corners, nicolae_overflow_crystal_walls,
          gup_sewer_entry_spiral, dreamdust_princess_bridge, minmay_surrounded
D:5:      layout_cave_pools, grunt_ashenzari_visionary
          [grunt_ashenzari_visionary_shoals, grunt_ashenzari_visionary_spider],
          mainiacjoe_overflow_small_starburst, nicolae_half_adder
D:6:      layout_loops_ring, hangedman_ru_absence, corexii_hall_statues_t,
          chequers_serial_rivers_room_b, kennysheep_dice
D:7:      minmay_chambers_of_sevens, layout_rooms, temple_green
D:8:      layout_basic, lightli_temple_of_fire, dpeg_lair_monsters,
          minmay_pinched_square

Skill      XL: |  1  2  3  4  5  6  7  8  9 10 |
---------------+-------------------------------+-----
Axes           | 4 5 6 7 9 10 | 10.0
Fighting       | 4 5 6 7 8 |  8.0
Armour         | 3 4 5 6 7 |  7.9
Dodging        | 3 4 5 6 7 |  7.1
Evocations     | 1 2 3 4 5 |  5.0
Throwing       | 2 3 |  3.7
Shields        | 3 4 |  4.6

Action                     |  1- 3 |  4- 6 |  7- 9 | 10-12 || total
---------------------------+-------+-------+-------+-------++-------
  Melee: Hand axe          |    78 |   106 |   280 |    43 ||   507
         Headbutt          |    12 |    15 |    54 |    13 ||    94
         Punch             |       |     1 |     3 |       ||     4
         War axe           |       |       |    20 |       ||    20
  Throw: Dart              |       |       |     4 |     2 ||     6
 Invoke: Berserk           |     1 |     3 |     3 |     2 ||     9
         Trog's Hand       |       |       |       |     1 ||     1
  Evoke: Wand              |       |       |       |     1 ||     1
    Use: Scroll            |       |     5 |     4 |     2 ||    11
 Armour: Leather armour    |    15 |       |       |       ||    15
         Ring mail         |     7 |    46 |    55 |       ||   108
         Steam dragon scal |       |       |    13 |    16 ||    29
  Dodge: Dodged            |    57 |    72 |   145 |    23 ||   297
  Block: Other             |       |       |    28 |     8 ||    36
